 Dungeon Crawl Stone Soup version 0.22-a0-571-g4a923d4 (webtiles) character file.

222 iamserjio the Shield-Bearer (level 5, 17/34 HPs)
             Began as a Gargoyle Fighter on July 1, 2018.
             Quit the game on level 1 of the Abyss.
             The game lasted 00:04:30 (604 turns).

iamserjio the Shield-Bearer (Gargoyle Fighter)       Turns: 604, Time: 00:04:31

Health: 17/34      AC: 11    Str: 20    XL:     5   Next: 99%
Magic:  5/5        EV:  7    Int:  8    God:
Gold:   103        SH:  9    Dex: 10    Spells: 4/4 levels left

rFire    . . .     SeeInvis .   a - +0 war axe
rCold    . . .     Gourm    .   c - +0 shield
rNeg     + . .     Faith    .   b - +0 scale mail
rPois    ∞         Spirit   .   (no helmet)
rElec    +         Reflect  .   (no cloak)
rCorr    +         Harm     .   (no gloves)
MR       .....                  (no boots)
Stlth    ..........             (no amulet)
HPRegen  0.11/turn              k - ring of resist corrosion (curse)
MPRegen  0.09/turn              (no ring)

@: no status effects
A: negative energy resistance 1, electricity resistance, unbreathing,
petrification resistance, rot immunity, AC +4
a: no special abilities


You were on level 1 of the Abyss.
You were not hungry.

You visited 1 branch of the dungeon, and saw 4 of its levels.
You visited the Abyss 1 time.

You collected 103 gold pieces.

Inventory:

Hand Weapons
 a - a +0 war axe (weapon)
 g - a +1 trident of piercing
 i - a +0 blowgun
Missiles
 h - 5 poisoned tomahawks (quivered)
 j - 3 poisoned needles
Armour
 b - a +0 scale mail (worn)
 c - a +0 shield (worn)
Jewellery
 k - a cursed ring of resist corrosion (left hand)
Scrolls
 d - a scroll of identify {@r1}
 e - 2 scrolls of remove curse {@r2}
 l - a scroll of immolation
 n - a scroll of enchant armour {unknown}
Potions
 m - a potion of heal wounds {unknown}
 o - a potion of resistance {unknown}
Comestibles
 f - 5 rations


   Skills:
 + Level 4.5 Fighting
 + Level 3.1 Axes
 + Level 4.5 Armour
 + Level 4.5 Shields


You had 4 spell levels left.
You didn't know any spells.
Your spell library was empty.

Dungeon Overview and Level Annotations

Branches:
Dungeon (4/15)
 Temple: D:4-7

Altars:

Shops:
D:4 :


Innate Abilities, Weirdness & Mutations

You are resistant to torment.
Your stone body is resilient. (AC +4)
You are immune to poison.
You resist negative energy. (rN+)
You are resistant to electric shocks. (rElec)
You can survive without breathing.
You are immune to petrification.
You are immune to rotting.


Message History

Beogh smites you!
An orc comes into view. It is wielding a whip.
The orc completely misses you.
You hit the orc.
The orc is moderately wounded.
The orc hits you but does no damage.
You are cast into the Abyss!
To return, you must find a gate leading back.
Killing monsters will force the Abyss to allow you passage.
This branch contains the abyssal rune of Zot.
Found a gateway leading deeper into the Abyss.
Found a purple potion.
Found 12 arrows.
A sun demon comes into view.
A sun demon comes into view.
The sun demon shouts!
You see here a purple potion.
o - a purple potion
Okay, then.
Are you sure you want to abandon this character and quit the game? (Confirm with "yes".)

#...≈. .#.≈≈ ...≈ .
..≈ .. .≈ #.##≈
#..≈≈########
#≈3@#.(.#.#
#.≈##3..#..#######
#.≈≈.##..#.# .#..# #
#..#≈≈.#.#...#....##
# #. #
3#..####......... ..
...≈≈#.
##.##.#.#.#.# #
....≈≈## #.# #.#
#.... .#.##≈ .
##.... #. .. .# .
.#...#.. ..


You could see 2 sun demons.

Vanquished Creatures
  A hound (D:4)
  3 orc priests (D:3)
  6 adders
  An adder skeleton (D:4)
  A worm (D:2)
  8 orcs
  2 giant cockroaches
  3 goblins
  3 hobgoblins
  4 jackals (D:2)
  A kobold (D:3)
  A quokka (D:4)
  A ball python skeleton (D:4)
  3 bats (D:2)
  6 rats
44 creatures vanquished.

Notes
Turn   | Place    | Note
-------+----------+-------------------------------------------
     0 | D:1      | iamserjio the Gargoyle Fighter began the quest for the Orb.
     0 | D:1      | Reached XP level 1. HP: 14/14 MP: 1/1
   130 | D:2      | Reached XP level 2. HP: 10/19 MP: 2/2
   193 | D:3      | Reached XP level 3. HP: 6/24 MP: 3/3
   195 | D:3      | Reached XP level 4. HP: 8/29 MP: 4/4
   266 | D:3      | Reached XP level 5. HP: 10/33 MP: 5/5
   510 | D:4      | Found Peypt's Book Emporium.
   573 | D:4      | Cast into level 1 of the Abyss (orc)
   600 | Abyss:1  | Noticed a sun demon
   601 | Abyss:1  | Noticed a sun demon
   604 | Abyss:1  | Quit the game

Vault maps used:
D:1:      lightli_arrival_isolated_outpost, minmay_misc_feat_chi,
          minmay_three_crescents
D:2:      lemuel_crystal_altar, nicolae_dithmenos_through_a_glass_darkly
D:3:      gammafunk_temple_overflow_statue, first_ration, serial_bayou_lagoon_a
D:4:      serial_shops, shop, st_stairs_13, uniq_blork_the_orc

Skill      XL: |  1  2  3  4  5 |
---------------+----------------+-----
Axes           | 2 3 |  3.1
Fighting       | 4 |  4.5
Armour         | 4 |  4.5
Shields        | 4 |  4.5

Action                   |  1- 3 |  4- 6 || total
-------------------------+-------+-------++-------
Melee: War axe           |    59 |    86 ||   145
  Use: Potion            |     1 |       ||     1
       Scroll            |       |     2 ||     2
Armor: Scale mail        |    68 |    61 ||   129
Dodge: Dodged            |    34 |    29 ||    63
Block: Shield            |    53 |    67 ||   120

Table legend:
 A = Spawn XP
 B = Non-spawn XP
 C = Spawn XP percentage of total XP
 D = Spawn monster count
 E = Non-spawn monster count
 F = Spawn count percentage of total count
 G = Total turns spent on level
                    A         B        C        D         E        F      G
               +---------+---------+-------+---------+---------+-------+---------
         Total |       0 |     318 |   0.0 |       0 |      44 |   0.0 |   604
               +---------+---------+-------+---------+---------+-------+---------
           D:1 |       0 |       2 |   0.0 |       0 |       1 |   0.0 |    87
           D:2 |       0 |      51 |   0.0 |       0 |      15 |   0.0 |   137
           D:3 |       0 |     199 |   0.0 |       0 |      22 |   0.0 |   164
           D:4 |       0 |      66 |   0.0 |       0 |       6 |   0.0 |   185
               +---------+---------+-------+---------+---------+-------+---------
